 Dungeon Crawl Stone Soup version 0.31.0-11-ge490571c62 (webtiles) character file.

Game seed: 17051114658252644670

235 Ashen the Ruffian (level 5, 0/45 HPs)
             Began as a Draconian Shapeshifter on Feb 1, 2024.
             Killed by divine providence
             ... invoked by an orc priest
              (12 damage)
             ... on level 4 of the Dungeon.
             The game lasted 00:03:30 (2476 turns).

Ashen the Ruffian (Draconian Shapeshifter)          Turns: 2476, Time: 00:03:30

Health: 0/45       AC:  5    Str: 16    XL:     5   Next: 76%
Magic:  5/5        EV: 12    Int: 11    God:
Gold:   200        SH:  0    Dex: 12    Spells: 4/4 levels left

rFire   + .          .
                       - Unarmed
rCold   x . .        (no shield)
rNeg    . . .        (body armour unavailable)
rPois   .            (helmet currently unavailable)
rElec   .            (cloak currently unavailable)
rCorr   .            (gloves currently unavailable)
SInv    .            (boots currently unavailable)
Will    .....        (no amulet)
Stlth   +            g - ring of fire
HPRegen 0.27/turn    (no ring)
MPRegen 0.09/turn

%: no passive effects
@: beast-form
A: beast (slay +2), AC +5, unfitting armour, cold-blooded
a: Begin Untransformation


You were on level 4 of the Dungeon.
You were a hulking beast.
You visited 1 branch of the dungeon, and saw 4 of its levels.

You collected 200 gold pieces.

Inventory:

Jewellery
 a - a ring of see invisible
 g - a ring of fire (left hand)
Talismans
 b - a beast talisman
 c - a flux talisman
Wands
 i - a wand of polymorph (8)
Scrolls
 d - 4 scrolls of teleportation {unknown}
 e - a scroll of enchant armour {unknown}
 f - 2 scrolls of amnesia {unknown}
 m - a scroll of identify {unknown}
Potions
 h - 3 potions of curing {unknown}
 j - a potion of might {unknown}
 k - a potion of haste {unknown}
 l - a potion of mutation {unknown}
 n - a potion of lignification


   Skills:
 + Level 3.2 Fighting
 + Level 3.1 Dodging
 + Level 4.1 Unarmed Combat
 + Level 4.0 Shapeshifting


You had 4 spell levels left.
You didn't know any spells.
Your spell library contained the following spells:

 Spells                   Type           Power      Damage    Failure   Level
 Necrotise                Necr           0%         1d4       34%         1
 Sting                    Conj/Alch      0%         1d3       34%         1
 Mercury Vapours          Alch/Air       0%         N/A       47%         2
 Sublimation of Blood     Necr           0%         N/A       47%         2
 Hailstorm                Conj/Ice       0%         3d5       71%         3
 Summon Ice Beast         Ice/Summ       0%         N/A       71%         3
 Vampiric Draining        Necr           0%         2d6       71%         3
 Martyr's Knell           Necr/Summ      0%         N/A       98%         4
 Olgreb's Toxic Radiance  Alch           0%         N/A       98%         4
 Petrify                  Alch/Erth      0%         N/A       98%         4
 Curse of Agony           Necr           0%         N/A       100%        5
 Irradiate                Conj/Alch      0%         3d11      100%        5
 Sculpt Simulacrum        Ice/Alch       0%         N/A       100%        6


Dungeon Overview and Level Annotations

Branches:
Dungeon (4/15)
 Temple: D:4-7

Altars:


Innate Abilities, Weirdness & Mutations

You are a hulking beast.
Your limbs bulge with bestial killing power. (Slay +2)
Your plain brown scales are hard. (AC +5)
You cannot fit into any form of body armour.
You are cold-blooded and may be slowed by cold attacks.


Message History

No target in view!
HP restored.
h - 3 lumpy sapphire potions (gained 2)
An orc comes into view. It is wielding a +0 club.
An orc is nearby!
An orc is nearby!
An orc priest comes into view. It is wielding a +0 antimagic hand axe.
The orc shouts!
You hear a shout! x2
An orc priest comes into view. It is wielding a +0 whip.
An orc priest comes into view. It is wielding a +0 club.
An orc comes into view.
It is wielding a +2 short sword of venom.
The orc priest shouts!
The orc priest looks encouraged for a moment.
You closely miss the orc.
The orc shouts!
You tail-slap the orc.
The orc is moderately wounded.
The orc barely misses you.
The orc priest looks satisfied for a moment.
You hit the orc.
The orc is almost dead.
The orc priest invokes the aid of Beogh against you.
Beogh smites you! The orc barely misses you.
The orc priest begins to cast a cantrip, but forgets the words!
You punch the orc!
You kill the orc!
An orc comes into view. It is wielding a +0 short sword.
The orc priest invokes the aid of Beogh against you.
Beogh smites you!
The orc shouts!
You are too injured to fight recklessly!
You are too injured to fight recklessly!
A phantom comes into view.
The orc priest begins to cast a cantrip, but forgets the words!
The orc priest invokes the aid of Beogh against you.
Beogh smites you!
* * * LOW HITPOINT WARNING * * *
The orc priest invokes the aid of Beogh against you.
Beogh smites you!
You die...

### ## ##.# ##.# ### # ###.##
##..# #.# . ##...# ##.### #.#
###...## #...## #.# ###
......#### ##...###.#
#.####### ..(...#..#
#....#..# #..o.o)oo
.........#
##......#####.######o
....(....# #..h....o..o.#
.........## #.............#
..........## #....####.....#
###........###.............#
# #...##.....#...............
#....#####...................
#..#.# ##...................
..##.. .....................
.. #.............


You could see an orc priest.

Vanquished Creatures
  Jessica (D:2)
  A sleepcap (D:3)
  9 adders
  A gnoll (D:1)
  2 dart slugs (D:3)
  A ribbon worm (D:2)
  6 orcs
  5 bats
  2 endoplasms
  4 giant cockroaches
  8 goblins
  3 hobgoblins
  8 jackals
  7 quokkas
  4 ball pythons
  5 frilled lizards
  8 kobolds
  4 rats
79 creatures vanquished.

Notes
Turn   | Place    | Note
-------+----------+-------------------------------------------
     0 | D:1      | Ashen the Draconian Shapeshifter began the quest for the
                  | Orb.
     0 | D:1      | Reached XP level 1. HP: 16/16 MP: 1/1
   150 | D:1      | Reached XP level 2. HP: 23/23 MP: 2/2
   460 | D:1      | Reached XP level 3. HP: 24/29 MP: 3/3
   830 | D:2      | Reached XP level 4. HP: 36/36 MP: 4/4
  1031 | D:2      | Noticed Jessica
  1046 | D:2      | Killed Jessica
  1566 | D:3      | Reached XP level 5. HP: 40/44 MP: 5/5
  2464 | D:4      | Noticed a phantom
  2476 | D:4      | Killed from afar by an orc priest

Illustrated notes

Levels and vault maps discovered:
D:1:      evilmike_arrival_rings, layout_loops_ring
D:2:      layout_loops_ring, uniq_jessica
D:3:      layout_basic, serial_bayou_pond_b, minmay_checkerbox
D:4:      layout_layer_cave, ebering_ghost_sewer_d

Skill      XL: |  1  2  3  4  5 |
---------------+----------------+-----
Dodging        | 2 3 |  3.1
Fighting       | 2 3 |  3.2
Unarmed Combat | 4 |  4.1
Shapeshifting  | 4 |  4.0

Action                     |  1- 3 |  4- 6 || total
---------------------------+-------+-------++-------
  Melee: Unarmed           |    95 |   134 ||   229
         Tailslap          |    11 |    23 ||    34
         Punch             |     1 |     1 ||     2
    Use: Potion            |     1 |       ||     1
   Stab: Sleeping          |     2 |     1 ||     3
 Armour: Skin              |    70 |    56 ||   126
  Dodge: Dodged            |    73 |    75 ||   148
